 Dungeon Crawl Stone Soup version 0.31.0-1-g2c135a0 (webtiles) character file.

Game seed: 8290931440490179273

22803 pickedpeppers the Cleaver (level 13, 0/106 HPs)
             Began as a Formicid Fighter on Apr 7, 2024.
             Was a High Priest of Okawaru.
             Slain by a fire crab (10 damage)
             ... in the Arena.
             The game lasted 00:56:44 (15753 turns).

pickedpeppers the Cleaver (Formicid Fighter)       Turns: 15753, Time: 00:56:45

Health: 0/106      AC: 13    Str: 27    XL:     13   Next: 30%
Magic:  12/19      EV: 15    Int:  6    God:    Okawaru [*****.]
Gold:   787        SH: 10    Dex: 13    Spells: 12/12 levels left

rFire   + . .        w - +7 hand axe of the Incandescent {heavy, rN+++ Str+3 Int-4 Stlth+}
rCold   + . .        c - +0 buckler
rNeg    + + +        o - +1 ring mail {rF+}
rPois   .            (helmet unavailable)
rElec   .            u - +0 cloak
rCorr   .            x - +0 pair of gloves
SInv    +            k - +0 pair of boots
Will    +....        J - amulet of reflection
Stlth   ++           y - ring of protection from cold
HPRegen 0.37/turn    r - +5 ring of evasion
MPRegen 0.16/turn

%: reflection
@: attractive, duelling
A: permanent stasis, dig shafts and tunnels, antennae 3, four strong arms
a: Dig, Renounce Religion, Heroism, Finesse, Duel


You were in the Arena.
You worshipped Okawaru.
Okawaru was extremely pleased with you.
You visited 3 branches of the dungeon, and saw 14 of its levels.
You also visited: Gauntlet.

You collected 831 gold pieces.
You spent 44 gold pieces at shops.

Inventory:

Hand Weapons
 a - a +0 war axe
 p - a +1 demon whip of venom
 w - the +7 hand axe of the Incandescent (weapon) {heavy, rN+++ Str+3 Int-4 Stlth+}
   (You found it on level 5 of the Dungeon)

   Str+3:     It affects your strength (+3).
   Int-4:     It affects your intelligence (-4).
   rN+++:     It renders you almost immune to negative energy.
   Stlth+:    It makes you more stealthy.
 B - a +5 battleaxe
 F - a +2 hand axe of venom
 G - a +3 dire flail
Missiles
 f - 44 poisoned darts (quivered)
 i - 117 stones
 C - 5 javelins
 N - 2 silver javelins
Armour
 b - a +0 scale mail
 c - a +0 buckler (worn)
 k - a +0 pair of boots (worn)
 o - a +1 ring mail of fire resistance (worn)
 u - a +0 cloak (worn)
 x - a +0 pair of gloves (worn)
 L - a +0 kite shield
Jewellery
 d - an amulet of magic regeneration
 n - a ring of flight
 r - a +5 ring of evasion (right hand)
 v - a ring of willpower
 y - a ring of protection from cold (left hand)
 J - an amulet of reflection (around neck)
 S - a ring of ice
 T - the ring "Jiyreuw" {rPois Dex+5}
   (You found it in a Gauntlet)

   [ring of poison resistance]

   Dex+5:     It affects your dexterity (+5).
   rPois:     It protects you from poison
Wands
 t - a wand of roots (4)
 E - a wand of polymorph (4)
 H - a wand of flame (10)
 O - a wand of paralysis (3)
 R - a wand of mindburst (8)
Scrolls
 e - a scroll of vulnerability {unknown}
 h - 3 scrolls of enchant weapon
 j - 2 scrolls of poison
 l - 3 scrolls of summoning
 m - 3 scrolls of enchant armour
 s - a scroll of brand weapon
 A - 3 scrolls of amnesia
 D - a scroll of acquirement {unknown}
 P - a scroll of silence {unknown}
 Q - a scroll of fear {unknown}
Potions
 g - a potion of cancellation {unknown}
 q - a potion of curing
 z - 2 potions of attraction
 I - 2 potions of mutation
 K - a potion of lignification {unknown}
 M - a potion of enlightenment {unknown}


   Skills:
 + Level 11.2 Fighting
 + Level 13.2 Axes
 + Level 11.0 Armour
 - Level 4.6 Shields
 * Level 8.4 Invocations
 - Level 8.0 Evocations


You had 12 spell levels left.
You didn't know any spells.
Your spell library contained the following spells:

 Spells                   Type           Power      Damage    Failure   Level
 Cigotuvi's Dreadful Rot  Necr/Alch/Air  0%         N/A       77%         2
 Frozen Ramparts          Ice            0%         1d1       94%         3
 Inner Flame              Hex/Fire       0%         N/A       94%         3
 Dimensional Bullseye     Hex/Tloc       0%         N/A       100%        4
 Dispel Undead            Necr           0%         3d6       100%        4
 Flame Wave               Conj/Fire      0%         2d4       100%        4
 Iskenderun's Mystic Bla  Conj/Tloc      0%         2d3       100%        4
 Leda's Liquefaction      Alch/Erth      0%         N/A       100%        4
 Petrify                  Alch/Erth      0%         N/A       100%        4
 Sticky Flame             Fire/Alch      0%         2d4       100%        4
 Metabolic Englaciation   Hex/Ice        0%         N/A       100%        5
 Chain Lightning          Conj/Air       0%         N/A       100%        9
 Fire Storm               Conj/Fire      0%         5d1       100%        9
 Shatter                  Erth           0%         3d5*      100%        9
 Tukima's Dance           Hex            Unusable   N/A       N/A         3
 Martyr's Knell           Necr/Summ      Unusable   N/A       N/A         4
 Death Channel            Necr           Unusable   N/A       N/A         6

Dungeon Overview and Level Annotations

Branches:
Dungeon (10/15)            Temple (1/1) D:7            Lair (3/5) D:10
  Swamp (0/4) Lair:2        Snake (0/4) Lair:2      Gauntlet (visited)
    Orc: D:9-12

Altars:
Ashenzari
Cheibriados
Dithmenos
Elyvilon
Fedhas
Gozag
Hepliaklqana
Kikubaaqudgha
Makhleb
Nemelex Xobeh
Okawaru
Qazlal
Ru
Sif Muna
Trog
Uskayaw
Vehumet
Wu Jian
Xom
Yredelemnul
Zin
The Shining One

Shops:
D:5 [   D:6 *

Annotations:
D:2 1 runed translucent door, exclusions: door and 1 more exclusion, Crazy Yiuf
D:9 2 transporters, frustrationSimulator's ghost, journeyman SpHu
Lair:2 5 exclusions Gauntlet 7 transporters


Innate Abilities, Weirdness & Mutations

You cannot be hasted, slowed, berserked, paralysed or teleported.
You can dig through walls and to a lower floor.
You have a pair of large antennae on your head. (SInv)
Your four strong arms can wield two-handed weapons with a shield.


Message History

The fire crab bites you but does no damage.
You block the fire crab's attack.
Okay, then.
Press: ? - help, v - describe, . - travel
Here: a fire crab (moderately wounded)
The floor, spattered with blood.
Unknown command.
Unknown command.
You hit the fire crab.
The fire crab is moderately wounded.
You block the fire crab's attack. The fire crab claws you.
* * * LOW HITPOINT WARNING * * *
You are engulfed in flames.
You resist.
* * * LOW HITPOINT WARNING * * *
Unknown command.
Unknown command.
You feel better. The fire crab bites you.
* * * LOW HITPOINT WARNING * * *
You are engulfed in flames.
You resist.
* * * LOW HITPOINT WARNING * * *
You block the fire crab's attack.
Aiming: Polymorph
Press: ? - help, Shift-Dir - straight line, f - fire crab
Aim: a fire crab (moderately wounded, will become a wind drake, a fire bat, or an eye of devastation, chance to affect: 50%)
The fire crab resists with some effort.
The fire crab breathes flames at you.
The blast of flame engulfs you but does no damage.
Unknown command.
Okay, then.
Okay, then.
Aiming: Duel (30% risk of failure)
Press: ? - help, Dir - move target, f/p - fire crab
Aim: a fire crab (flame, moderately wounded)
You enter into single combat with the fire crab!
You enter Okawaru's Arena!
Found a gate leading back out of this place.
The spectator shouts! x6
You block the fire crab's attack. The fire crab claws you!
You die...
Okawaru crowns the fire crab victorious!

###########
##.p.▓p▓.p.##
##▓▓▓▓▓▓▓▓▓▓▓##
#.▓.........▓.#
#p▓.#.....#.▓p#
#.▓.........▓.#
#▓▓.........▓▓#
#p▓...t@....▓∩#
#▓▓.........▓▓#
#.▓.........▓.#
#p▓.#.....#.▓p#
#.▓.........▓.#
##▓▓▓▓▓▓▓▓▓▓▓##
##.p.▓p▓.p.##
###########


You could see a fire crab.

Vanquished Creatures
  A balrug (Gauntlet)
  A hydra (Lair:2)
  A skyshark (Lair:2)
  A salamander (Lair:2)
  7 cane toads
  7 komodo dragons
  6 polar bears
  Grinder (D:3)
  7 blink frogs (Lair:1)
  A centaur simulacrum (Gauntlet)
  2 wyverns (D:10)
  A wraith (D:10)
  6 fire bats (Gauntlet)
  21 yaks
  A spectral cane toad (Lair:2)
  2 steam dragons
  3 nagas (Lair:2)
  3 hell hounds (Gauntlet)
  An acid dragon (D:7)
  6 water moccasins
  15 black bears
  2 orc warriors (D:10)
  A meliai simulacrum (Gauntlet)
  7 ice beasts
  3 sky beasts (D:7)
  4 centaurs
  2 ogres
  4 kobold brigands
  4 phantoms
  A spectral water moccasin (Lair:2)
  A spectral wyvern (Lair:2)
  A gnoll sergeant (D:10)
  14 bullfrogs
  2 scorpions
  A cane toad simulacrum (Gauntlet)
  18 wights
  9 killer bees (D:8)
  A howler monkey (D:9)
  4 hounds
  2 bombardier beetles (D:6)
  3 jellies
  11 orc priests
  6 iguanas
  14 orc wizards
  9 adders
  14 gnolls
  A white imp (D:6)
  3 ufetubi
  2 ribbon worms
  2 dart slugs
  36 orcs
  6 ball pythons
  4 bats
  7 endoplasms
  3 giant cockroaches
  8 goblins
  8 hobgoblins
  3 jackals (D:2)
  4 quokkas
  A frilled lizard (D:3)
  23 kobolds
  5 rats
348 creatures vanquished.

Vanquished Creatures (others)
  A kobold brigand (D:10)
1 creature vanquished.

Grand Total: 349 creatures vanquished

Notes
Turn   | Place    | Note
-------+----------+-------------------------------------------
     0 | D:1      | pickedpeppers the Formicid Fighter began the quest for the
                  | Orb.
     0 | D:1      | Reached XP level 1. HP: 18/18 MP: 1/1
   141 | D:1      | Reached XP level 2. HP: 24/24 MP: 2/2
   316 | D:1      | Reached XP level 3. HP: 24/29 MP: 3/3
   501 | D:1      | Found a faded altar of an unknown god.
  1172 | D:2      | Reached XP level 4. HP: 37/37 MP: 4/4
  1201 | D:2      | Reached skill level 3 in Axes
  2100 | D:2      | Found a runed translucent door.
  2101 | D:2      | Noticed Crazy Yiuf
  2281 | D:3      | Noticed Grinder
  2305 | D:3      | Killed Grinder
  2306 | D:3      | Reached skill level 4 in Axes
  2306 | D:3      | Reached XP level 5. HP: 27/43 MP: 5/5
  2306 | D:3      | Reached XP level 6. HP: 31/49 MP: 6/6
  2972 | D:3      | Found a hazy altar of Hepliaklqana.
  3454 | D:4      | Reached XP level 7. HP: 47/55 MP: 7/7
  3623 | D:4      | Reached skill level 5 in Axes
  3949 | D:4      | Reached skill level 5 in Fighting
  3949 | D:4      | Reached skill level 5 in Armour
  4250 | D:4      | Reached skill level 6 in Axes
  4250 | D:4      | Reached XP level 8. HP: 60/63 MP: 8/8
  4435 | D:5      | Entered Level 5 of the Dungeon
  4449 | D:5      | Identified the +7 hand axe of the Incandescent {heavy,
                  | rN+++ Str+3 Int-4 Stlth+}
  4784 | D:5      | Reached skill level 7 in Axes
  4854 | D:5      | Identified the +0 robe of the Squeaky Grue {+Inv rCorr
                  | Int+3}
  4954 | D:5      | Reached XP level 9. HP: 71/71 MP: 9/9
  5075 | D:5      | Reached skill level 8 in Axes
  5192 | D:5      | Found Wedwog's Armour Emporium.
  5605 | D:6      | Found a basalt altar of Yredelemnul.
  5852 | D:6      | Reached skill level 9 in Axes
  6214 | D:6      | Reached XP level 10. HP: 78/80 MP: 10/10
  6418 | D:5      | Reached skill level 10 in Axes
  6624 | D:6      | Found Qathe's General Store.
  6632 | D:6      | Bought a scroll of identify for 22 gold pieces
  6632 | D:6      | Bought a scroll of identify for 22 gold pieces
  6863 | D:7      | Found a staircase to the Ecumenical Temple.
  6870 | Temple   | Entered the Ecumenical Temple
  6879 | Temple   | Became a worshipper of Warmaster Okawaru
  6917 | D:7      | Reached skill level 1 in Evocations
  7986 | D:8      | Reached * piety under Okawaru
  8326 | D:8      | Reached XP level 11. HP: 53/89 MP: 11/11
  8574 | D:8      | Reached ** piety under Okawaru
  8575 | D:8      | Reached skill level 5 in Evocations
  9020 | D:8      | Reached skill level 11 in Axes
  9312 | D:9      | Found a transporter.
  9317 | D:9      | Noticed frustrationSimulator's ghost (journeyman SpHu)
  9523 | D:9      | Found a transporter.
  9988 | D:10     | Entered Level 10 of the Dungeon
 10134 | D:10     | Reached skill level 10 in Fighting
 10309 | D:10     | Reached *** piety under Okawaru
 11026 | D:10     | Reached skill level 12 in Axes
 11200 | D:10     | Found a shimmering blue altar of Sif Muna.
 11202 | D:10     | Found a white marble altar of Elyvilon.
 11286 | D:10     | Reached **** piety under Okawaru
 11534 | D:10     | Found a staircase to the Lair.
 11626 | Lair:1   | Entered Level 1 of the Lair of Beasts
 11682 | Lair:1   | Reached skill level 1 in Invocations
 11682 | Lair:1   | Reached XP level 12. HP: 69/97 MP: 12/12
 12040 | Lair:1   | Reached ***** piety under Okawaru
 12661 | Lair:1   | Received a gift from Okawaru
 13177 | Lair:2   | Noticed a four-headed hydra
 13271 | Lair:2   | Killed a four-headed hydra
 13272 | Lair:2   | Reached skill level 5 in Invocations
 13277 | Lair:2   | Noticed a skyshark
 13291 | Lair:2   | Killed a skyshark
 13485 | Lair:2   | Reached skill level 10 in Armour
 13743 | Lair:2   | Found a staircase to the Snake Pit.
 14557 | Lair:1   | Received a gift from Okawaru
 14567 | Lair:2   | Reached XP level 13. HP: 93/105 MP: 18/18
 14582 | Lair:2   | Reached skill level 13 in Axes
 14881 | Lair:2   | Found a staircase to the Swamp.
 14881 | Lair:2   | Noticed a ghost crab
 15110 | Lair:3   | Found a gate leading to a gauntlet.
 15140 | Gauntlet | Entered a Gauntlet
 15140 | Gauntlet | Found a transporter.
 15140 | Gauntlet | Found a transporter.
 15140 | Gauntlet | Found a transporter.
 15261 | Gauntlet | Found a transporter.
 15262 | Gauntlet | Found a transporter.
 15277 | Gauntlet | Found a transporter.
 15279 | Gauntlet | Found a transporter.
 15299 | Gauntlet | Found a transporter.
 15314 | Gauntlet | Found a transporter.
 15329 | Gauntlet | Noticed a hell beast
 15331 | Gauntlet | Found a transporter.
 15335 | Gauntlet | Found a transporter.
 15349 | Gauntlet | Found a transporter.
 15437 | Gauntlet | Noticed a balrug
 15463 | Gauntlet | Killed a balrug
 15723 | Gauntlet | Identified the ring "Jiyreuw" {rPois Dex+5}
 15747 | Gauntlet | HP: 1/106 [fire crab (7)]
 15753 | Arena    | Entered the Arena
 15753 | Arena    | Slain by a fire crab

Illustrated notes

Levels and vault maps discovered:
D:1:      wheals_arrival_linesprint, layout_basic,
          shapermc_ecumenical_altar_ellora
D:2:      minmay_inner_zag, layout_basic, uniq_crazy_yiuf_cottage
D:3:      layout_loops_ring, nzn_hepliaklqana_mist_gate, uniq_grinder
D:4:      layout_loops_corners, kennysheep_windowed_goal
D:5:      layout_cave_pools, serial_shops, kennysheep_mini
D:6:      minmay_bubble_buster, layout_rooms, lemuel_coloured_pillars_altar,
          serial_shops, shop, supply_closet_lemuel
D:7:      layout_cave_pods, minmay_temple_entry_slanted,
          serial_library_hellmonk_filled_rooms, dk_vineyard_2,
          minmay_misc_feat_more_columns, amethyst_killhole
D:8:      layout_basic
D:9:      layout_roguey, gammafunk_ghost_stat_death, nicolae_nh_ransacked_shop
D:10:     layout_gridville, grunt_temple_overflow_open,
          grunt_lair_entry_orc_guard_hut
Temple:   compressed_dpeg_circular_temple
Lair:1:   layout_roguey, infiniplex_staircase_pool
Lair:2:   beast_lair_carwin_large_4, layout_chaotic_city,
          nicolae_swamp_entry_spooky, alex1729_snake_entry_snake
Lair:3:   layout_layer_cave, gauntlet_entry_generic, grunt_megastairs_5
Gauntlet: gammafunk_gauntlet_hard_choice [nicolae_gauntlet_arena_t_cross,
          gammafunk_gauntlet_arena_split_diamond, nicolae_gauntlet_arena_blocks,
          gammafunk_gauntlet_arena_crates, gammafunk_gauntlet_arena_grid,
          gammafunk_gauntlet_arena_split_x, gauntlet_exit_hidden_loot]
Arena

Skill      XL: |  1  2  3  4  5  6  7  8  9 10 11 12 13 |
---------------+----------------------------------------+-----
Axes           | 4 6 7 9 10 12 13 | 13.2
Fighting       | 4 5 6 7 9 10 11 | 11.2
Armour         | 4 5 6 7 8 10 11 | 11.0
Evocations     | 4 8 |  8.0
Invocations    | 1 6 8 |  8.4
Shields        | |  4.6

Action                     |  1- 3 |  4- 6 |  7- 9 | 10-12 | 13-15 || total
---------------------------+-------+-------+-------+-------+-------++-------
  Melee: War axe           |    83 |   116 |   101 |       |       ||   300
         Hand axe          |       |       |   129 |   571 |    74 ||   774
         Dire flail        |       |       |       |     1 |       ||     1
  Throw: Dart              |     1 |       |    11 |    27 |       ||    39
         Stone             |       |     8 |    37 |    58 |       ||   103
         Javelin           |       |       |       |     1 |       ||     1
 Invoke: Heroism           |       |       |       |     1 |     1 ||     2
         Duel              |       |       |       |       |     1 ||     1
  Evoke: Wand              |       |       |     1 |     9 |     2 ||    12
    Use: Scroll            |       |     5 |     3 |     4 |     1 ||    13
         Potion            |       |     1 |     3 |     4 |     9 ||    17
   Stab: Paralysed         |       |       |       |     2 |       ||     2
         Sleeping          |       |       |       |     1 |       ||     1
 Armour: Scale mail        |    55 |    56 |    33 |       |       ||   144
         Ring mail         |       |       |    87 |   339 |    78 ||   504
  Dodge: Dodged            |    33 |    59 |   164 |   362 |    52 ||   670
  Block: Buckler           |     8 |    17 |    55 |   241 |    52 ||   373
         Reflection        |       |       |       |     4 |       ||     4
